 Dungeon Crawl Stone Soup version 0.20-a0-700-gbd4582c (webtiles) character file.

17539 OgreWrestling the Grappler (level 12, -2/124 HPs)
             Began as an Ogre Transmuter on Feb 20, 2017.
             Was an Elder of Ieoh Jian.
             Slain by an eight-headed hydra (5 damage)
             ... on level 14 of the Dungeon.
             The game lasted 00:30:42 (14761 turns).

OgreWrestling the Grappler (Ogre Transmuter)       Turns: 14761, Time: 00:30:43

Health: -2/124     AC:  3    Str: 17    XL:     12   Next: 49%
Magic:  22/22      EV: 14    Int: 15    God:    Ieoh Jian [****..]
Gold:   636        SH:  0    Dex: 14    Spells: 7/25 levels left

rFire    . . .     SeeInvis .     - Unarmed
rCold    . . .     Gourm    .   b - +0 robe
rNeg     . . .     Faith    .   (no shield)
rPois    .         Spirit   .   (helmet restricted)
rElec    .         Reflect  .   (no cloak)
rCorr    .         Harm     .   (gloves unavailable)
MR       +....                  (boots unavailable)
Stlth    +.........             (no amulet)
Regen    0.3/turn               (no ring)
MPRegen  0.2/turn               (no ring)

@: no status effects
A: unfitting armour, agile 1, tough skin 1
a: Serpent's Lash, Renounce Religion


You were on level 14 of the Dungeon.
You worshipped Ieoh Jian.
Ieoh Jian was greatly pleased with you.
You were very hungry.

You visited 2 branches of the dungeon, and saw 15 of its levels.

You collected 636 gold pieces.

Inventory:

Missiles
 a - 259 arrows
 K - 3 throwing nets (quivered)
Armour
 b - a +0 robe (worn)
 w - a scarf of spirit shield
 z - a +0 large shield
Jewellery
 g - an uncursed ring of resist corrosion
 M - a +2 ring of protection {unknown}
Wands
 e - a wand of clouds (4/9)
 p - a wand of clouds (3/9)
 r - a wand of lightning (5/15)
 D - a wand of flame (22/48)
 H - a wand of confusion (20/48)
 O - a wand of disintegration (10/24)
 R - a wand of random effects (12/48)
 S - a wand of polymorph (21/24)
Scrolls
 j - a scroll of fog {unknown}
 k - a scroll of recharging {unknown}
 l - 6 scrolls of remove curse
 m - a scroll of noise {unknown}
 n - 2 scrolls of enchant armour {unknown}
 o - 4 scrolls of teleportation
 q - 2 scrolls of identify
 s - a scroll of magic mapping
 t - 2 scrolls of fear
 y - 3 scrolls of enchant weapon {unknown}
 A - a scroll of amnesia {unknown}
 G - a scroll of random uselessness {unknown}
 I - a scroll of immolation {unknown}
 P - a scroll of silence {unknown}
Potions
 f - 3 potions of haste
 u - 2 potions of flight {unknown}
 v - 2 potions of heal wounds
 x - 3 potions of might
 C - 4 potions of degeneration {unknown}
 E - a potion of invisibility
 F - a potion of ambrosia {unknown}
 J - a potion of cancellation {unknown}
 L - 2 potions of curing
 N - 2 potions of lignification
 T - a potion of resistance {unknown}
Books
 c - a book of Changes

   Spells                             Type                      Level
   a - Beastly Appendage              Transmutation                1
   b - Sticks to Snakes               Transmutation                2
   c - Spider Form                    Transmutation/Poison         3
   d - Ice Form                       Ice/Transmutation            4
   e - Blade Hands                    Transmutation                5
 Q - a book of Frost

   Spells                             Type                      Level
   a - Freeze                         Ice                          1
   b - Throw Frost                    Conjuration/Ice              2
   c - Ozocubu's Armour               Charms/Ice                   3
   d - Throw Icicle                   Conjuration/Ice              4
   e - Summon Ice Beast               Ice/Summoning                4
Comestibles
 d - 15 bread rations
 h - 9 meat rations
 i - a fruit
 B - a royal jelly


   Skills:
 - Level 9.4 Fighting
 + Level 8.1 Dodging
 - Level 9.7 Unarmed Combat
 - Level 7.2 Spellcasting
 - Level 3.2 Charms
 - Level 9.1 Transmutations
 - Level 5.0 Ice Magic
 - Level 2.1 Poison Magic


You had 7 spell levels left.
You knew the following spells:

 Your Spells              Type           Power        Failure   Level  Hunger
a - Ozocubu's Armour      Chrm/Ice       ###.....     10%         3    ##.....
b - Sticks to Snakes      Tmut           ####....     1%          2    None
c - Spider Form           Tmut/Pois      ###.......   4%          3    ##.....
d - Ice Form              Ice/Tmut       ####....     10%         4    ####...
e - Blade Hands           Tmut           ####......   12%         5    #####..
f - Beastly Appendage     Tmut           ####..       1%          1    None


Dungeon Overview and Level Annotations

Branches:
Dungeon (15/15)            Temple (1/1) D:7            Lair (0/6) D:10
    Orc (0/2) D:11
 Vaults: D:13-14     Depths: D:15

Altars:
Ashenzari
Cheibriados
Dithmenos
Elyvilon
Fedhas
Gozag
Hepliaklqana Ieoh Jian
Kikubaaqudgha
Makhleb
Nemelex Xobeh
Okawaru
Qazlal
Ru
Sif Muna
Trog
Uskayaw
Vehumet
Xom
Yredelemnul
Zin
The Shining One

Shops:
D:6 :   D:8 (   D:11 :

Portals:
Ice
Cave: D:12


Innate Abilities, Weirdness & Mutations

You are too large for most types of armour.
You have tough skin. (AC +1)
You are agile. (Dex +2)


Message History

The komodo dragon bites you but does no damage.
You pummel the komodo dragon!!
The komodo dragon seems to slow down.
You freeze the komodo dragon.
You kill the komodo dragon!
The council accepts your kill.
You warm up again.
Your +0 robe unmelds from your body.
Unknown command.
An eight-headed hydra comes into view.
The eight-headed hydra roars!
Found an escape hatch in the floor.
The eight-headed hydra bites you! The eight-headed hydra bites you.
* * * LOW HITPOINT WARNING * * *
The eight-headed hydra bites you!
* * * LOW HITPOINT WARNING * * *
The eight-headed hydra bites you but does no damage. x2
The eight-headed hydra misses you. The eight-headed hydra bites you!
* * * LOW HITPOINT WARNING * * *
The eight-headed hydra bites you.
You die...

...... ## .......#### ..
........... #. #.......#
#. #.......# #.
#.......# #. #.....%.#
.#####.#######.......###
...>...@D...............
########################


You could see an eight-headed hydra.

Vanquished Creatures
  6 two-headed ogres
  Nergalle (D:11)
  A manticore (D:15)
  3 centaur zombies
  A gargoyle (D:10)
  A komodo dragon (D:14)
  A hornet (D:9)
  Grinder (D:3)
  3 hippogriffs
  13 yaks
  A basilisk (D:10)
  Grum (D:9)
  Eustachio (D:6)
  4 hungry ghosts
  3 porcupines (D:10)
  A black bear (D:7)
  2 orc warriors
  11 ice beasts
  A phantom (D:5)
  3 sky beasts
  5 ogres
  4 wolves (D:9)
  7 centaurs
  4 crocodiles (D:10)
  3 big kobolds
  4 bullfrogs
  A water moccasin skeleton (D:9)
  2 scorpions
  A troll zombie (D:11)
  4 wights (D:10)
  2 electric eels (D:6)
  3 howler monkeys (D:10)
  3 crimson imps
  2 bullfrog zombies
  3 hounds
  A bullfrog skeleton (D:10)
  3 jellies
  10 orc priests
  4 centaur skeletons
  4 iguanas
  Ijyb (D:3)
  6 orc wizards
  3 worker ants
  5 ogre zombies (D:11)
  A hound zombie (D:11)
  A hound skeleton (D:3)
  A worker ant zombie (D:9)
  3 gnolls (D:7)
  8 adders
  2 howler monkey skeletons (D:9)
  2 shadow imps
  An adder skeleton (D:4)
  7 worms
  2 dart slugs
  6 leopard geckos
  28 orcs
  2 ball pythons (D:1)
  5 giant cockroaches
  7 hobgoblins
  20 jackals
  4 quokkas
  9 bats
  7 frilled lizards
  11 goblins
  2 goblin zombies (D:11)
  A hobgoblin skeleton (D:11)
  4 hobgoblin zombies (D:11)
  27 kobolds
  2 leopard gecko zombies
  4 orc skeletons (D:11)
  8 orc zombies (D:11)
  2 quokka skeletons
  A quokka zombie (D:9)
  5 rats
327 creatures vanquished.

Vanquished Creatures (collateral kills)
  Harold (D:11)
  Psyche (D:10)
  A hornet (D:7)
  An orc (D:8)
4 creatures vanquished.

Vanquished Creatures (others)
  2 fungi (D:10)
  A plant (D:10)
3 creatures vanquished.

Grand Total: 334 creatures vanquished

Notes
Turn   | Place    | Note
-------+----------+-------------------------------------------
     0 | D:1      | OgreWrestling the Ogre Transmuter began the quest for the Orb.
     0 | D:1      | Reached XP level 1. HP: 19/19 MP: 3/3
   312 | D:1      | Reached XP level 2. HP: 21/28 MP: 0/5
   316 | D:1      | Learned a level 2 spell: Sticks to Snakes
  1004 | D:1      | Reached XP level 3. HP: 32/36 MP: 4/6
  1009 | D:1      | Learned a level 3 spell: Spider Form
  1391 | D:2      | Found a shattered altar of Ashenzari.
  1429 | D:2      | Reached skill level 1 in Poison Magic
  1720 | D:2      | Reached XP level 4. HP: 35/44 MP: 4/8
  2047 | D:2      | Found an ancient bone altar of Kikubaaqudgha.
  2738 | D:3      | Noticed Grinder
  3100 | D:4      | Reached XP level 5. HP: 47/50 MP: 2/9
  3209 | D:4      | Found a shadowy altar of Dithmenos.
  3271 | D:4      | Noticed an ogre
  3281 | D:4      | Killed an ogre
  3281 | D:4      | Reached XP level 6. HP: 44/61 MP: 5/10
  3964 | D:3      | Found a glowing golden altar of the Shining One.
  3966 | D:3      | Found a shadowy altar of Dithmenos.
  4279 | D:3      | Noticed Ijyb
  4290 | D:3      | Killed Ijyb
  4764 | D:3      | Paralysed by Grinder for 3 turns
  4775 | D:3      | Killed Grinder
  4775 | D:3      | Reached skill level 5 in Fighting
  4775 | D:3      | Reached skill level 5 in Unarmed Combat
  4775 | D:3      | Reached XP level 7. HP: 65/72 MP: 6/11
  4976 | D:5      | Entered Level 5 of the Dungeon
  5065 | D:5      | Noticed a hippogriff
  5073 | D:5      | Killed a hippogriff
  5073 | D:5      | Reached XP level 8. HP: 36/83 MP: 9/12
  5536 | D:5      | Gained mutation: You are agile. (Dex +2) [mutagenic meat]
  6237 | D:6      | Found Nuefaguff's Book Shoppe.
  6433 | D:6      | Noticed Eustachio
  6451 | D:6      | Killed Eustachio
  6451 | D:6      | Reached XP level 9. HP: 41/96 MP: 6/13
  8071 | D:7      | Found a staircase to the Ecumenical Temple.
  8118 | Temple   | Entered the Ecumenical Temple
  8627 | D:7      | Noticed a hornet
  8633 | D:7      | Paralysed by a hornet for 1 turns
  8635 | D:7      | Killed a hornet
  8901 | D:7      | Found an ornate altar of the Ieoh Jian Council.
  8962 | D:7      | Became a worshipper of the Ieoh Jian Council
  9127 | D:7      | Learned a level 4 spell: Ice Form
  9231 | D:8      | Reached skill level 1 in Ice Magic
  9280 | D:8      | Noticed a two-headed ogre
  9292 | D:8      | Killed a two-headed ogre
  9292 | D:8      | Reached XP level 10. HP: 98/107 MP: 4/16
  9411 | D:8      | Found Hibised's Antique Weapon Emporium.
  9938 | D:9      | Noticed Grum
  9947 | D:9      | Reached * piety under Ieoh Jian
  9958 | D:9      | Killed Grum
  9966 | D:9      | Reached skill level 5 in Spellcasting
 10219 | D:9      | Found a snail-covered altar of Cheibriados.
 10318 | D:9      | Reached skill level 5 in Transmutations
 10568 | D:9      | Reached skill level 5 in Ice Magic
 10630 | D:9      | Noticed a two-headed ogre
 10643 | D:9      | Killed a two-headed ogre
 10643 | D:9      | Reached XP level 11. HP: 66/115 MP: 8/21
 10682 | D:10     | Entered Level 10 of the Dungeon
 10930 | D:10     | Reached ** piety under Ieoh Jian
 11353 | D:10     | Learned a level 5 spell: Blade Hands
 11464 | D:10     | Found a staircase to the Lair.
 11764 | D:9      | Noticed a two-headed ogre
 11770 | D:9      | Killed a two-headed ogre
 11919 | D:9      | Found a sacrificial altar of Ru.
 11919 | D:9      | Found an iron altar of Okawaru.
 11924 | D:9      | Learned a level 3 spell: Ozocubu's Armour
 12063 | D:10     | Reached skill level 1 in Charms
 12067 | D:10     | Reached skill level 5 in Dodging
 12573 | D:11     | Noticed Nergalle
 12609 | D:11     | Killed Nergalle
 12630 | D:10     | Reached *** piety under Ieoh Jian
 12898 | D:11     | Found Deikkife's Book Shop.
 12925 | D:11     | Noticed a two-headed ogre
 12963 | D:11     | Reached XP level 12. HP: 95/124 MP: 18/22
 12978 | D:11     | Killed a two-headed ogre
 13313 | D:11     | Found a staircase to the Orcish Mines.
 13462 | D:11     | Noticed Harold
 13481 | D:11     | HP: 2/124 [Harold/bolt of fire (34)]
 13905 | D:11     | Killed Harold
 14143 | D:11     | Noticed Psyche
 14146 | D:11     | Noticed a two-headed ogre
 14167 | D:10     | Killed Psyche
 14310 | D:10     | Reached **** piety under Ieoh Jian
 14317 | D:11     | Noticed a two-headed ogre
 14322 | D:11     | Killed a two-headed ogre
 14330 | D:11     | Killed a two-headed ogre
 14604 | D:12     | Found a frozen archway.
 14604 | D:12     | You fall through a shaft for 3 floors!
 14604 | D:15     | Entered Level 15 of the Dungeon
 14747 | D:14     | Noticed an eight-headed hydra
 14761 | D:14     | HP: 3/124 [eight-headed hydra (17)]
 14761 | D:14     | Slain by an eight-headed hydra

Vault maps used:
D:1:      dpeg_arrival_leaves_temple_mockup, serial_park_tiny_2
D:2:      ashenzari_altar_1, nicolae_overflow_crystal_walls, minmay_tripent
D:3:      grunt_temple_overflow_open, first_bread, uniq_grinder, uniq_iyjb
D:4:      nicolae_dithmenos_shadow_blocks
D:6:      wad_lake_hut, serial_shops,
          nicolae_shop_temple_entry_statues_fountains, uniq_eustachio
D:7:      kennysheep_mini, minmay_temple_entry_mist
D:8:      serial_shops, shop_statue, grunt_ogre_cave
D:9:      minitemple, cheibrodos_worm_habitat, minmay_hedge_maze,
          hangedman_decor_opposing, uniq_grum
D:10:     minmay_lair_entry_grove
D:11:     zombieorc1_lemuel, serial_shops, shop_statue, uniq_harold,
          uniq_psyche, uniq_nergalle
D:12:     special_room, portal_ice_cave_entry_pillars_1
D:14:     serial_park_square2
D:15:     gammafunk_enter_depths_forms
Temple:   minmay_temple_curvy_branch

Skill      XL: |  1  2  3  4  5  6  7  8  9 10 11 12 |
---------------+-------------------------------------+-----
Unarmed Combat | 3 4 5 6 8 9 |  9.7
Fighting       | 2 3 5 8 9 |  9.4
Poison Magic   | 1 2 |  2.1
Transmutations | 2 3 7 8 9 |  9.1
Spellcasting   | 3 4 6 7 |  7.2
Ice Magic      | 3 5 |  5.0
Dodging        | 6 8 |  8.1
Charms         | 3 |  3.2

Action                   |  1- 3 |  4- 6 |  7- 9 | 10-12 || total
-------------------------+-------+-------+-------+-------++-------
Melee: Unarmed           |   122 |   171 |   243 |   501 ||  1037
       Headbutt          |     9 |     1 |       |     1 ||    11
       Kick              |     3 |     4 |       |       ||     7
       Punch             |       |       |     1 |     2 ||     3
 Cast: Beastly Appendage |    21 |     5 |       |     1 ||    27
       Sticks to Snakes  |     2 |     7 |     7 |    15 ||    31
       Spider Form       |     1 |    20 |    36 |    16 ||    73
       Ice Form          |       |       |       |    25 ||    25
       Ozocubu's Armour  |       |       |       |     6 ||     6
 Abil: End Transformatio |       |       |     1 |     1 ||     2
  Use: Potion            |       |     7 |       |     1 ||     8
       Scroll            |       |     1 |     4 |       ||     5
 Stab: Sleeping          |     1 |     1 |     1 |       ||     3
       Distracted        |       |       |       |     1 ||     1
  Eat: Chunk             |     3 |     8 |    17 |    16 ||    44
       Bread ration      |       |     1 |     1 |     2 ||     4
Armor: Robe              |    28 |    13 |     5 |     5 ||    51
       Skin              |       |    10 |    13 |    78 ||   101
Dodge: Dodged            |    61 |   117 |   160 |   261 ||   599
